Match 42537790
Unlisted

Match 42537790
End
Kradschützen Motorcycle Team
Kradschützen Motorcycle Team
Panzergrenadier Squad
Construct Light Support Kompanie
Panzergrenadier Squad
Fire Support Elements
Construct Mechanized Kompanie
Selects Panzerjäger Kommand Battlegroup
Selects Tank Busters
Selects Mine Fields
Selects Early Warning
Marder III Tank Destroyer
Flakvierling Half-track
le.IG 18 Support Gun Team
Kradschützen Motorcycle Team
Selects Crew Shock Tactics
Flakvierling Half-track
Assault Mechanized Group
Magnus Furius
. Noskillz
ParazituRO
DamnLuck
zhangyinjun8
TidaL
LA.ANNO.MCMXCIV.
pju5969
0
0

Comments sign in to comment!

No comments posted yet!